 Dungeon Crawl Stone Soup version bcrawl-1.28.5 (webtiles) character file.

Game seed: 7134917447327023564

107768 zipzipio the Covered (level 5, -3/41 HPs)
             Began as a Human Fighter on Jan 29, 2021.
             Slain by a bullfrog skeleton (5 damage)
             ... on level 5 of the Dungeon.
             The game lasted 00:14:44 (3544 turns).

zipzipio the Covered (Human Fighter)                Turns: 3544, Time: 00:14:45

Health: -3/41      AC:  7    Str: 17    XL:     5   Next: 56%
Magic:  5/5        EV:  5    Int:  8    God:
Gold:   107        SH: 10    Dex: 13    Spells: 4/4 levels left

rFire    . . .     SeeInvis .   a - +0 long sword
rCold    . . .     Gourm    .   c - +0 medium shield
rNeg     . . .     Faith    .   v - +0 scale mail
rPois    .         Spirit   .   (no helmet)
rElec    .         Reflect  .   (no cloak)
rCorr    .         Harm     .   (no gloves)
MR       .....                  (no boots)
Stlth    ..........             (no amulet)
HPRegen  0.13/turn              (no ring)
MPRegen  0.09/turn              (no ring)

@: no status effects
A: no striking features
a: no special abilities


You were on level 5 of the Dungeon.
You were hungry.

You visited 1 branch of the dungeon, and saw 5 of its levels.

You collected 107 gold pieces.

Inventory:

Hand Weapons
 a - a +0 long sword (weapon)
 h - a +0 club
 q - a cursed -1 club
 t - a +0 dagger
Missiles
 k - 356 stones (quivered)
Armour
 b - a +0 scale mail
 c - a +0 medium shield (worn)
 n - a +0 scale mail
 r - a +0 scale mail
 s - a +0 ring mail
 u - a +0 chain mail
 v - a +0 scale mail (worn)
 x - a +0 chain mail
Jewellery
 o - the ring of Freedom {+Fly Str+2, unknown}
   (You found it on level 3 of the Dungeon)

   [ring of flight]

   It affects your strength (+2).
   It lets you fly.
Scrolls
 e - 2 scrolls of enchant weapon {unknown}
 j - a scroll of remove curse {unknown}
 l - a scroll of fog {unknown}
 m - 2 scrolls of teleportation {unknown}
 p - 4 scrolls of identify
 w - a scroll of fear {unknown}
Potions
 d - a potion of might
 f - a potion of curing {unknown}
 g - a potion of degeneration {unknown}
 i - a potion of lignification {unknown}


   Skills:
 + Level 3.6 Fighting
 + Level 3.3 Long Blades
 + Level 4.7 Armour
 + Level 0.7 Dodging
 + Level 0.1 Stealth
 + Level 4.0 Shields


You had 4 spell levels left.
You didn't know any spells.
Your spell library contained the following spells:

 Spells                   Type           Power        Failure   Level  Hunger
 Magic Dart               Conj           #...         100%        1    None
 Blink                    Tloc           N/A          100%        2    ####...
 Call Imp                 Summ           #.....       100%        2    ####...
 Conjure Flame            Conj/Fire      #.......     100%        3    #####..
 Mephitic Cloud           Conj/Pois/Air  #.......     100%        3    #####..
 Spider Form              Tmut/Pois      #..          100%        3    #####..


Dungeon Overview and Level Annotations

Branches:
Dungeon (5/12)
 Temple: D:4-7

Altars:
Fedhas
Qazlal
Uskayaw
Wu Jian

Shops:
D:5 !

Annotations:
D:5 1 exclusion


Message History

The sky beast hits you.
* * * LOW HITPOINT WARNING * * *
The sky beast shocks you.
* * * LOW HITPOINT WARNING * * *
You hit the bullfrog skeleton.
The bullfrog skeleton is heavily damaged.
You block the bullfrog skeleton's attack.
The sky beast barely misses you. The bullfrog skeleton hits you.
* * * LOW HITPOINT WARNING * * *
You hit the bullfrog skeleton.
The bullfrog skeleton is severely damaged.
The bullfrog skeleton hits you.
* * * LOW HITPOINT WARNING * * *
The sky beast hits you but does no damage.
The bullfrog skeleton hits you but does no damage.
Your shield prevents you from hitting the bullfrog skeleton.
The bullfrog skeleton is severely damaged.
The sky beast hits you but does no damage.
The bullfrog skeleton hits you.
You die...

#. #.# #...
##'##
#.#.##...##
..∩......##
#.#......##
###.(.......###
..'....Y.%.....
#....@Z...#
##........#
##.....#.#
##...## # ##'##
#.# # #.# .###
#######.###>...
.........#.....


You could see a sky beast and a bullfrog skeleton.

Vanquished Creatures
  An orc priest (D:5)
  A worker ant (D:5)
  A killer bee zombie (D:5)
  3 adders
  An ooze (D:4)
  An adder skeleton (D:5)
  A dart slug (D:4)
  2 leopard geckos
  9 orcs
  A ball python (D:4)
  A bat (D:1)
  A goblin (D:3)
  A hobgoblin (D:1)
  A quokka (D:3)
  2 frilled lizards
  A kobold (D:2)
  A quokka zombie (D:5)
  5 rats
  A fungus (D:2)
35 creatures vanquished.

Notes
Turn   | Place    | Note
-------+----------+-------------------------------------------
     0 | D:1      | zipzipio the Human Fighter began the quest for the Orb.
     0 | D:1      | Reached XP level 1. HP: 18/18 MP: 1/1
   142 | D:1      | Reached XP level 2. HP: 21/24 MP: 2/2
   807 | D:2      | Found a blossoming altar of Fedhas.
   812 | D:2      | Found a stormy altar of Qazlal.
   990 | D:3      | Reached XP level 3. HP: 28/29 MP: 3/3
  1144 | D:3      | Noticed a +0 dagger
  1144 | D:3      | Noticed a +0 dagger
  1150 | D:3      | Found a hide-covered altar of Uskayaw.
  1191 | D:3      | Found an ornate altar of the Wu Jian Council.
  1349 | D:3      | Got a translucent iron ring
  2410 | D:5      | Entered Level 5 of the Dungeon
  2428 | D:5      | Reached XP level 4. HP: 15/35 MP: 4/4
  2954 | D:5      | Reached XP level 5. HP: 30/41 MP: 5/5
  3533 | D:5      | Found Xist's Distillery.
  3533 | D:5      | Noticed a sky beast
  3543 | D:5      | HP: 2/41 [bullfrog skeleton (3)]
  3544 | D:5      | Slain by a bullfrog skeleton

Skill      XL: |  1  2  3  4  5 |
---------------+----------------+-----
Armour         | 4 |  4.7
Long Blades    | 3 |  3.3
Shields        | 4 |  4.0
Fighting       | |  3.6
Dodging        | |  0.7
Stealth        | |  0.1

Action                   |  1- 3 |  4- 6 || total
-------------------------+-------+-------++-------
Melee: Long sword        |    86 |    86 ||   172
  Eat: Ration            |     1 |       ||     1
       Chunk             |     1 |     8 ||     9
Armor: Scale mail        |    38 |    44 ||    82
Dodge: Dodged            |     9 |    29 ||    38
Block: Medium shield     |    43 |    57 ||   100
